cohdb
Replays
Latest Replays
All Replays
Popular Replays
Top Player Replays
Match Explorer
How It Works
Community
CoH3 Stats
Reddit
Sign in to upload your games and track your stats! →
Sign in with Steam
Match 45184657
Unlisted
Match 45184657
Overview
Messages
Build Orders
End
Kradschützen Motorcycle Team
Panzerpioneer Squad
Panzerpioneer Squad
Panzerpioneer Squad
Panzerpioneer Squad
Construct Light Support Kompanie
Panzerjäger Squad
Construct Mechanized Kompanie
Support Armor Elements
Panzerjäger Mechanized Group
StuG III D Assault Gun
Marder III Tank Destroyer
Selects Armored Support Battlegroup
Selects Salvage Kits
Selects Veteran Gunners
Emergency Repair Kits
Marder III Tank Destroyer
Selects Flammpanzer III Medium Tank
Marder III Tank Destroyer
Flammpanzer III Medium Tank
Vehicle Survival Package
2.5-tonne Medical Truck
Marder III Tank Destroyer
Selects Panzer Storm
Marder III Tank Destroyer
banstyle
water
0
0
Comments
sign in to comment!
No comments posted yet!